 Dungeon Crawl Stone Soup version 0.30-a0-1114-gd936c97349 (webtiles) character file.

Game seed: 13476373091033946683

851 GenialerGandalf the Cleaver (level 8, -12/66 (70) HPs)
             Began as a Hill Orc Chaos Knight on Apr 21, 2023.
             Was a Plaything of Xom.
             Mangled by a chaos spawn (23 damage)
             ... summoned by Xom
             ... on level 5 of the Dungeon.
             The game lasted 00:25:06 (3619 turns).

GenialerGandalf the Cleaver (Hill Orc Chaos Knight) Turns: 3619, Time: 00:25:06

HP:   -12/66 (70)   AC: 10    Str: 17      XL:     8   Next: 1%
MP:   6/8           EV: 11    Int:  8 (9)  God:    Xom [*.....]
Gold: 270           SH:  0    Dex:  7 (10) Spells: 7/7 levels left

rFire   . . .      SeeInvis .    a - +0 hand axe (chaos)
rCold   . . .      Faith    .    l - orb {*channel}
rNeg    . . .      Spirit   .    r - +3 leather armour of the Wild Haggis {rElec rPois Int-3 Stlth+}
rPois   +          Reflect  .    (no helmet)
rElec   +          Rampage  .    (no cloak)
rCorr   .                        q - +0 pair of gloves
Will    .....                    u - +0 pair of boots {Stlth+}
Stlth   +++                      (no amulet)
HPRegen 0.31/turn                (no ring)
MPRegen 0.11/turn                (no ring)

@: drained, unable to read, unable to drink
A: talons 1, iridescent scales 1, deterioration 1, inability to drink after
injury 1, inability to read after injury 1
a: Renounce Religion


You were on level 5 of the Dungeon.
You worshipped Xom.
You were a special plaything of Xom.
You visited 2 branches of the dungeon, and saw 6 of its levels.

You collected 270 gold pieces.

Inventory:

Hand Weapons
 a - a +0 hand axe of chaos (weapon)
 v - a +0 war axe
Missiles
 d - 43 stones
Armour
 l - an orb of energy (worn)
 o - a +0 chain mail
 q - a +0 pair of gloves (worn)
 r - the +3 leather armour of the Wild Haggis (worn) {rElec rPois Int-3 Stlth+}
   (You found it on level 3 of the Dungeon)

   Int:       It affects your intelligence (-3).
   rElec:     It insulates you from electricity.
   rPois:     It protects you from poison.
   Stlth:     It makes you more stealthy.
 u - a +0 pair of boots of stealth (worn)
Wands
 n - a wand of flame (22)
 y - a wand of polymorph (15)
Scrolls
 e - 3 scrolls of fear {enchant weapon}
 f - 3 scrolls of teleportation {torment}
 g - 4 scrolls of magic mapping {magic mapping}
 h - 2 scrolls of blinking {magic mapping}
 i - a scroll of enchant weapon {magic mapping}
 k - 2 scrolls of amnesia {torment, unknown}
 x - a scroll of noise {brand weapon, unknown}
 z - a scroll of vulnerability {enchant weapon, unknown}
Potions
 b - 2 potions of flight {healing}
 j - a potion of brilliance {healing}
 m - 2 potions of resistance {flight}
 p - a potion of heal wounds {degeneration, unknown}
 s - a potion of curing {flight, unknown}
 t - 2 potions of might {mutation, unknown}
 w - a potion of attraction {heal wounds, unknown}
Miscellaneous
 c - a piece from Xom's chessboard (15/15) (quivered)


   Skills:
 * Level 6.2 Fighting
 * Level 9.2 Axes
 * Level 4.1 Armour
 - Level 1.1 Dodging
 * Level 2.2 Evocations


You had 7 spell levels left.
You didn't know any spells.
Your spell library contained the following spells:

 Spells                   Type           Power      Damage    Failure   Level
 Kiss of Death            Conj/Necr      0%         2d5       67%         1
 Slow                     Hex            0%         N/A       67%         1
 Ensorcelled Hibernation  Hex/Ice        0%         N/A       80%         2
 Sublimation of Blood     Necr           0%         N/A       80%         2
 Call Canine Familiar     Summ           0%         N/A       94%         3
 Confusing Touch          Hex            0%         N/A       94%         3
 Portal Projectile        Hex/Tloc       0%         N/A       94%         3
 Spider Form              Tmut/Pois      0%         N/A       94%         3
 Summon Guardian Golem    Hex/Summ       0%         N/A       94%         3
 Vampiric Draining        Necr           0%         2d6       94%         3
 Anguish                  Hex/Necr       0%         N/A       100%        4
 Dispel Undead            Necr           0%         3d6       100%        4
 Leda's Liquefaction      Hex/Erth       0%         N/A       100%        4
 Petrify                  Tmut/Erth      0%         N/A       100%        4
 Irradiate                Conj/Tmut      0%         3d11      100%        5
 Orb of Destruction       Conj           0%         9d5       100%        7
 Spellforged Servitor     Conj/Summ      0%         N/A       100%        7


Dungeon Overview and Level Annotations

Branches:
Dungeon (5/15)             Temple (1/1) D:4

Altars:
Ashenzari
Dithmenos
Elyvilon
Hepliaklqana
Kikubaaqudgha
Nemelex Xobeh
Qazlal
Ru
Sif Muna
Uskayaw
Wu Jian
Xom
Zin
The Shining One


Innate Abilities, Weirdness & Mutations

You have sharp toenails.
You are partially covered in iridescent scales. (AC +2)
Your body sometimes deteriorates upon taking damage.
You occasionally lose the ability to drink potions when taking damage.
You occasionally lose the ability to read scrolls when taking damage.


Message History

The chaos spawn is lightly wounded.
You hit the iron imp but do no damage. You barely miss the iron imp.
You barely miss the quasit.
The quasit bites you but does no damage.
The quasit closely misses you. The quasit barely misses you.
The iron imp hits you. x2; The chaos spawn hits you.
You are engulfed in flames!
You feel threatened and lose the ability to read scrolls!
You feel threatened and lose the ability to drink potions!
Your body deteriorates!
You feel dopey.
You hit the iron imp.
The iron imp is moderately wounded.
You barely miss the iron imp. You hit the quasit.
You closely miss the chaos spawn. The quasit closely misses you.
The quasit claws you.
You feel clumsy. The quasit barely misses you.
The quasit bites you but does no damage.
The quasit claws you but does no damage. x2
The chaos spawn hits you!
* * * LOW HITPOINT WARNING * * *
Your body deteriorates!
You feel clumsy.
You feel your power leaking away.
The iron imp hits you but does no damage.
The iron imp closely misses you.
You closely miss the quasit.
The quasit is moderately wounded.
You hit the iron imp.
The iron imp resists with some effort.
You closely miss the chaos spawn. You hit the iron imp.
The quasit bites you but does no damage.
The quasit claws you but does no damage.
The quasit barely misses you.
You hit the quasit.
Space warps horribly around the quasit!!
You kill the quasit!
The quasit disappears in a puff of smoke!
You closely miss the iron imp. You closely miss the chaos spawn.
You hit the iron imp.
The iron imp seems to grow stronger.
Xom thinks this is hilarious!
The chaos spawn hits you!!
You die...
Xom chortles!

............# #...#####
............# #...#<#..
.>..........# #...#.#.#
.........#### #.....#..
.........# ##...##.# ....######
#...'... ..#..### #########
#...###.
.......######..§§4..######...###.
..#..#........§§@................
..##.########..§55..############.
#.##.####....§.§.#### ##
#.##....#........#
#.#####.+........# #.#
###........# ##########
..#######........# #........#
[.......#........# #........#
#######.#.......†###........#


You could see a chaos spawn (summoned, strong) and 2 iron imps.

Vanquished Creatures
  Grinder (D:4)
  2 black bears
  A jelly (D:5)
  2 hounds
  An orc wizard (D:5)
  2 sleepcaps
  4 iguanas
  Robin (D:4)
  7 adders
  A river rat (D:2)
  A white imp (D:4)
  An ufetubus (D:4)
  A worm (D:4)
  6 orcs
  10 ball pythons
  9 endoplasms
  6 giant cockroaches
  13 goblins
  10 hobgoblins
  6 jackals
  9 kobolds
  6 quokkas
  3 bats
  2 frilled lizards
  5 rats
110 creatures vanquished.

Vanquished Creatures (collateral kills)
  An endoplasm (D:4)
1 creature vanquished.

Grand Total: 111 creatures vanquished

Notes
Turn   | Place    | Note
-------+----------+-------------------------------------------
     0 | D:1      | GenialerGandalf the Hill Orc Chaos Knight began the quest
                  | for the Orb.
     0 | D:1      | Reached XP level 1. HP: 19/19 MP: 1/1
   140 | D:1      | XOM: divination: magic mapping
   150 | D:1      | Reached XP level 2. HP: 27/27 MP: 2/2
   162 | D:1      | XOM: 7-stop teleportation journey
   168 | D:1      | XOM: god gift: short sword {god gift}
   354 | D:1      | Reached XP level 3. HP: 32/33 MP: 3/3
   373 | D:1      | Reached skill level 1 in Dodging
   426 | D:1      | XOM: noise
   466 | D:1      | XOM: give mutations
   466 | D:1      | Gained mutation: You occasionally lose the ability to read
                  | scrolls when taking damage. [Xom's mischief]
   466 | D:1      | Gained mutation: You are partially covered in iridescent
                  | scales. (AC +2) [Xom's mischief]
   466 | D:1      | Gained mutation: Your body sometimes deteriorates upon
                  | taking damage. [Xom's mischief]
   646 | D:2      | Reached skill level 5 in Axes
   662 | D:2      | Reached XP level 4. HP: 34/41 MP: 4/4
  1151 | D:2      | XOM: polymorph bat -> river rat
  1327 | D:3      | Reached XP level 5. HP: 36/47 MP: 5/5
  1574 | D:3      | Identified the +3 leather armour of the Wild Haggis {rElec
                  | rPois Int-3 Stlth+}
  1608 | D:3      | Found a faded altar of an unknown god.
  1862 | D:3      | XOM: give mutations
  1862 | D:3      | Gained mutation: You are somewhat resistant to further
                  | mutation. [Xom's grace]
  1862 | D:3      | Gained mutation: You have sharp toenails. [Xom's grace]
  1862 | D:3      | Gained mutation: You are mostly covered in iridescent
                  | scales. (AC +4) [Xom's grace]
  1914 | D:4      | Noticed Grinder
  1914 | D:4      | Noticed a black bear
  1934 | D:3      | XOM: scenery: create altars
  1972 | D:4      | Found a staircase to the Ecumenical Temple.
  1977 | Temple   | Entered the Ecumenical Temple
  1979 | Temple   | Reached skill level 6 in Axes
  2207 | D:4      | XOM: summons friendly shadow imp
  2216 | D:4      | Killed Grinder
  2217 | D:4      | Reached skill level 5 in Fighting
  2217 | D:4      | Reached skill level 7 in Axes
  2217 | D:4      | Reached skill level 1 in Evocations
  2217 | D:4      | Reached XP level 6. HP: 55/56 MP: 6/6
  2224 | D:4      | Killed a black bear
  2225 | D:4      | Reached XP level 7. HP: 51/61 MP: 7/7
  2422 | D:4      | Reached skill level 8 in Axes
  2560 | D:4      | Noticed Robin
  2569 | D:4      | XOM: summons 4 hostile demons
  2571 | D:4      | Killed Robin
  2737 | D:4      | Found an ancient bone altar of Kikubaaqudgha.
  2994 | D:5      | Entered Level 5 of the Dungeon
  3023 | D:5      | XOM: smoke on damage
  3088 | D:5      | Found a broken altar of Ashenzari.
  3225 | D:5      | XOM: 1-stop teleportation journey
  3261 | D:5      | XOM: give mutations
  3261 | D:5      | Lost mutation: You are mostly covered in iridescent scales.
                  | (AC +4) [Xom's mischief]
  3261 | D:5      | Lost mutation: You are somewhat resistant to further
                  | mutation. [Xom's mischief]
  3261 | D:5      | Gained mutation: You occasionally lose the ability to drink
                  | potions when taking damage. [Xom's mischief]
  3385 | D:5      | XOM: draining
  3425 | D:5      | Found a sacrificial altar of Ru.
  3469 | D:5      | XOM: noise
  3560 | D:5      | Reached skill level 9 in Axes
  3560 | D:5      | Reached XP level 8. HP: 61/66 MP: 8/8
  3611 | D:5      | XOM: summons 5 hostile demons
  3619 | D:5      | Mangled by a chaos spawn

Illustrated notes

Levels and vault maps discovered:
D:1:      elethiomel_arrival_quiet, layout_rooms, serial_curves, eino_curves_03,
          eino_curves_02, hangedman_decor_clover_reticule
D:2:      layout_rooms, minmay_tripent
D:3:      layout_loops_ring, ebering_ecumenical_altar_sacrificial
D:4:      layout_cave_pools, kiku_gazebo_pond_becter, temple_statues,
          uniq_grinder, uniq_robin
D:5:      layout_basic, ashenzari_altar_1, nicolae_ru_sacrificial_ziggurat
Temple:   nicolae_temple_bog_church

Skill      XL: |  1  2  3  4  5  6  7 |
---------------+----------------------+-----
Fighting       | 4 5 6 |  6.2
Dodging        | 1 |  1.1
Axes           | 5 7 9 |  9.2
Armour         | 3 4 |  4.1
Evocations     | 1 2 |  2.2

Action                     |  1- 3 |  4- 6 |  7- 9 || total
---------------------------+-------+-------+-------++-------
  Melee: Hand axe          |    65 |   131 |   145 ||   341
         Kick              |       |     5 |    14 ||    19
    Use: Scroll            |     2 |     5 |     1 ||     8
   Stab: Paralysed         |       |       |     6 ||     6
         Sleeping          |       |       |     3 ||     3
 Armour: Leather armour    |    32 |    53 |   104 ||   189
  Dodge: Dodged            |    40 |    96 |   103 ||   239

Table legend: (Time is in decaauts)
 A = Elapsed time spent in this place.
 B = Non-inter-level travel time spent in this place.
 C = Inter-level travel time spent in this place.
 D = Time resting spent in this place.
 E = Time spent auto-exploring this place.
 F = Levels seen in this place.
 G = Mean time per level.
                   A        B        C        D        E       F      G
               +--------+--------+--------+--------+--------+-----+--------+
         Total |   3623 |   3507 |    116 |     86 |   2244 |   6 |  603.8 |
       Dungeon |   3385 |   3269 |    116 |     86 |   2092 |   5 |  677.0 |
        Temple |    237 |    237 |      0 |      0 |    152 |   1 |  237.0 |
               +--------+--------+--------+--------+--------+-----+--------+

Top non-repeatable levels by time:
     D:4: 791 daAuts
     D:3: 756 daAuts
     D:5: 617 daAuts
     D:2: 611 daAuts
     D:1: 608 daAuts
  Temple: 237 daAuts
